 Dungeon Crawl Stone Soup version 0.24-a0-451-g263dff2034 (webtiles) character file.

Game seed: 3903990458595177015

60 Mrkan the Chopper (level 4, -2/40 HPs)
             Began as a Hill Orc Fighter on June 26, 2019.
             Killed from afar by a dart slug (3 damage)
             ... with a slug dart
             ... on level 2 of the Dungeon.
             The game lasted 00:01:42 (860 turns).

Mrkan the Chopper (Hill Orc Fighter)                 Turns: 860, Time: 00:01:42

Health: -2/40      AC: 11    Str: 19    XL:     4   Next: 4%
Magic:  4/4        EV:  3    Int:  8    God:
Gold:   74         SH:  9    Dex: 10    Spells: 3/3 levels left

rFire    . . .     SeeInvis .   a - +0 war axe
rCold    . . .     Gourm    .   c - +0 shield
rNeg     . . .     Faith    .   j - +0 plate armour
rPois    .         Spirit   .   (no helmet)
rElec    .         Reflect  .   (no cloak)
rCorr    .         Harm     .   (no gloves)
MR       .....                  (no boots)
Stlth    ..........             (no amulet)
HPRegen  0.13/turn              (no ring)
MPRegen  0.09/turn              (no ring)

@: hasted, very quick
A: no striking features
a: no special abilities


You were on level 2 of the Dungeon.
You were not hungry.

You visited 1 branch of the dungeon, and saw 2 of its levels.

You collected 74 gold pieces.

Inventory:

Hand Weapons
 a - a +0 war axe (weapon)
Armour
 c - a +0 shield (worn)
 j - a +0 plate armour (worn)
Scrolls
 b - a scroll of identify {unknown}
 g - a scroll of amnesia {unknown}
 h - a scroll of remove curse {unknown}
 l - a scroll of blinking {unknown}
Potions
 d - a potion of might
 i - a potion of flight {unknown}
 m - a potion of agility {unknown}
Comestibles
 f - 3 rations
 k - a chunk of flesh


   Skills:
 + Level 4.2 Fighting
 * Level 4.4 Axes
 - Level 3.2 Armour
 + Level 3.9 Shields


You had 3 spell levels left.
You didn't know any spells.
Your spell library was empty.

Dungeon Overview and Level Annotations

Branches:
Dungeon (2/15)

Altars:


Message History

The dart slug launches a dart at you.
The slug dart hits you but does no damage.
Things that are here:
a +0 club; an adder corpse You hit the dart slug.
The dart slug is heavily wounded.
Your shield and plate armour prevent you from hitting the leopard gecko.
You feel sick.
You are no longer poisoned.
You block the leopard gecko's attack. x2; The dart slug bites you.
* * * LOW HITPOINT WARNING * * *
Some of the chunks of flesh in your inventory have rotted away.
It was a potion of haste.
You feel yourself speed up.
The leopard gecko bites you but does no damage.
Your shield and plate armour prevent you from hitting the leopard gecko.
You hit the dart slug.
The leopard gecko bites you but does no damage.
The dart slug launches a dart at you. The slug dart hits you.
You die...

... #.##+###.
..#+#.#......
.....#[.....
....#.........#.
...............
.....#........
#....#........
#l##.......... .
#@##.........
....#w..!....#
..S........†.##
..........##.......
...$......# .......
.###......# .......
#......# ...####
##...... ..#.
#..........r.


You could see a dart slug and a leopard gecko.

Vanquished Creatures
  2 adders (D:2)
  An ooze (D:1)
  A ball python (D:1)
  6 bats
  2 giant cockroaches (D:1)
  3 goblins (D:1)
  7 hobgoblins
  3 jackals (D:1)
  4 kobolds (D:1)
  5 rats
34 creatures vanquished.

Notes
Turn   | Place    | Note
-------+----------+-------------------------------------------
     0 | D:1      | Mrkan the Hill Orc Fighter began the quest for the Orb.
     0 | D:1      | Reached XP level 1. HP: 19/19 MP: 1/1
   106 | D:1      | Reached XP level 2. HP: 27/27 MP: 2/2
   620 | D:1      | Reached XP level 3. HP: 33/33 MP: 3/3
   850 | D:2      | Reached XP level 4. HP: 20/40 MP: 4/4
   858 | D:2      | HP: 1/40 [dart slug (2)]
   860 | D:2      | Killed from afar by a dart slug

Levels and vault maps discovered:
D:1:      dpeg_arrival_houses_and_road, layout_basic
D:2:      layout_basic, chequers_temple_overflow_statue_of_worship,
          first_ration, solitary_fountain, fedhas_altar_1

Skill      XL: |  1  2  3 |
---------------+----------+-----
Axes           | 3 4 |  4.4
Fighting       | 4 |  4.2
Armour         | |  3.2
Shields        | |  3.9

Action                   |  1- 3 |  4- 6 || total
-------------------------+-------+-------++-------
Melee: War axe           |   102 |     8 ||   110
  Use: Potion            |       |     1 ||     1
Armor: Scale mail        |    22 |       ||    22
       Plate armour      |    50 |     9 ||    59
Dodge: Dodged            |    11 |       ||    11
Block: Shield            |    60 |     6 ||    66

Table legend:
 A = Non-vault XP
 B = Vault XP
 C = Vault XP percentage of total XP
 D = Non-vault monster count
 E = Vault monster count
 F = Vault count percentage of total count
                 A         B        C        D         E       F
            +---------+---------+-------+---------+---------+-------
      Total |      86 |       0 |   0.0 |      34 |       0 |   0.0
            +---------+---------+-------+---------+---------+-------
        D:1 |      50 |       0 |   0.0 |      26 |       0 |   0.0
        D:2 |      36 |       0 |   0.0 |       8 |       0 |   0.0
            +---------+---------+-------+---------+---------+-------
